 Dungeon Crawl Stone Soup version 0.28.0 (webtiles) character file.

Game seed: 16056260738521446770

28 funkygono the Firebug (level 3, -3/19 HPs)
             Began as a Gargoyle Fire Elementalist on Feb 14, 2022.
             Slain by a hobgoblin (5 damage)
             ... led by Robin
             ... on level 2 of the Dungeon.
             The game lasted 00:01:31 (1136 turns).

funkygono the Firebug (Gargoyle Fire Elementalist)  Turns: 1136, Time: 00:01:31

Health: -3/19      AC:  5    Str: 11    XL:     3   Next: 14%
Magic:  1/6        EV: 12    Int: 17    God:
Gold:   43         SH:  0    Dex: 10    Spells: 1/7 levels left

rFire   . . .      SeeInvis .   f - +0 club
rCold   . . .      Faith    .   (no shield)
rNeg    + . .      Spirit   .   a - +0 robe
rPois   ∞          Reflect  .   (no helmet)
rElec   +          Harm     .   (no cloak)
rCorr   .          Rampage  .   (no gloves)
Will    .....                   (no boots)
Stlth   ++........              (no amulet)
HPRegen 0.06/turn               (no ring)
MPRegen 0.10/turn               (no ring)

@: no status effects
A: sickness immunity, AC +3, negative energy resistance 1, electricity
resistance, torment resistance 1, petrification resistance
a: no special abilities


You were on level 2 of the Dungeon.
You visited 1 branch of the dungeon, and saw 2 of its levels.

You collected 43 gold pieces.

Inventory:

Hand Weapons
 f - a +0 club (weapon)
Armour
 a - a +0 robe (worn)
Scrolls
 e - 2 scrolls of identify {unknown}
Potions
 b - 2 potions of lignification {unknown}
 c - a potion of degeneration {unknown}
 d - a potion of attraction {unknown}


   Skills:
 + Level 1.6 Dodging
 - Level 2.1 Stealth
 * Level 2.5 Spellcasting
 * Level 1.5 Conjurations
 * Level 3.5 Fire Magic


You had one spell level left.
You knew the following spells:

 Your Spells              Type           Power      Damage    Failure   Level
a - Foxfire               Conj/Fire      40%        2x1d6     6%          1
b - Scorch                Fire           28%        2d6       6%          2
c - Conjure Flame         Conj/Fire      10%        6-21      19%         3

Your spell library contained the following spells:

 Spells                   Type           Power      Damage    Failure   Level
 Inner Flame              Hex/Fire       8%         N/A       26%         3
 Flame Wave               Conj/Fire      10%        2d5       54%         4


Dungeon Overview and Level Annotations

Branches:
Dungeon (2/15)

Altars:

Annotations:
D:2 Robin


Innate Abilities, Weirdness & Mutations

You are immune to sickness and miasma.
Your stone body is resilient. (AC +3)
You are immune to poison.
You resist negative energy. (rN+)
You are resistant to electric shocks. (rElec)
You are resistant to unholy torment.
You are immune to petrification.


Message History

The goblin closely misses you. The goblin hits you but does no damage.
You completely miss the goblin. The hobgoblin hits you.
The goblin barely misses you.
Robin roars a battlecry!
The goblins go into a battle-frenzy!
The goblin barely misses you.
You hit the goblin.
You kill the goblin!
The goblin closely misses you. The hobgoblin closely misses you.
Robin throws the goblin at you! The goblin completely misses you.
The goblin closely misses you.
The hobgoblin hits you but does no damage.
You barely miss the goblin. The goblin hits you with a +0 club.
The goblin hits you but does no damage.
The hobgoblin hits you but does no damage.
The goblin hits you with a +0 club.
You hit the goblin but do no damage. The goblin hits you but does no damage.
The hobgoblin misses you. The goblin closely misses you.
You closely miss the goblin. The goblin hits you but does no damage.
The hobgoblin closely misses you. The goblin closely misses you.
You barely miss the goblin. The goblin hits you with a +0 club.
* * * LOW HITPOINT WARNING * * *
The hobgoblin barely misses you. The goblin misses you.
The goblin hits you with a +0 club.
* * * LOW HITPOINT WARNING * * *
The hobgoblin barely misses you. The goblin barely misses you.
You hit the goblin.
The goblin is moderately wounded.
The goblin closely misses you. The hobgoblin closely misses you.
The goblin misses you.
You barely miss the goblin.
The goblin is moderately wounded.
The goblin misses you. The hobgoblin hits you.
* * * LOW HITPOINT WARNING * * *
The goblin barely misses you.
You closely miss the goblin.
The goblin is moderately wounded.
The goblin barely misses you. The hobgoblin barely misses you.
The goblin closely misses you. x2; The hobgoblin hits you.
You die...

## ##.#######
##...#....
###########....)...
..†............ggg
<.##.#### #..gggg#
.....# #@# ..#####
#g# ......# #.#
..###.# #.# #.# #.#
#.# #.# #.# #.# #.#
#.# #.#
#.###.###### #.#
...........# ##.##


You could see Robin, 2 hobgoblins and 5 goblins.

Vanquished Creatures
  A dart slug (D:1)
  3 bats
  3 endoplasms
  7 goblins
  3 hobgoblins (D:1)
  A quokka (D:1)
  2 frilled lizards (D:1)
  3 rats
23 creatures vanquished.

Vanquished Creatures (others)
  61 foxfires
61 creatures vanquished.

Grand Total: 84 creatures vanquished

Notes
Turn   | Place    | Note
-------+----------+-------------------------------------------
     0 | D:1      | funkygono the Gargoyle Fire Elementalist began the quest
                  | for the Orb.
     0 | D:1      | Reached XP level 1. HP: 10/10 MP: 3/3
   159 | D:1      | Reached XP level 2. HP: 15/15 MP: 1/5
   718 | D:1      | Learned a level 2 spell: Scorch
  1056 | D:2      | Reached XP level 3. HP: 19/19 MP: 1/6
  1060 | D:2      | Learned a level 3 spell: Conjure Flame
  1120 | D:2      | Noticed Robin
  1136 | D:2      | Slain by a hobgoblin

Illustrated notes

Levels and vault maps discovered:
D:1:      nicolae_arrival_washed_ashore, layout_rooms, chequers_arboretum
D:2:      layout_loops_ring, minmay_pentomino_x2, uniq_robin, uniq_natasha,
          uniq_sigmund

Action                   || total
-------------------------++-------
Melee: Unarmed           ||     1
       Club              ||    12
 Cast: Foxfire           ||    33
       Scorch            ||     3
Armor: Robe              ||    16
Dodge: Dodged            ||    45
